 Dungeon Crawl Stone Soup version 0.20-a0-1122-gb7cbeb9 (webtiles) character file.

75 Gorglomux the Sneak (level 4, -9/23 HPs)
             Began as a Vine Stalker Assassin on May 14, 2017.
             Mangled by ReniFell's ghost (12 damage)
             ... on level 3 of the Dungeon.
             The game lasted 00:03:42 (1402 turns).

Gorglomux the Sneak (Vine Stalker Assassin)         Turns: 1402, Time: 00:03:43

Health: -9/23      AC:  3    Str: 13    XL:     4   Next: 31%
Magic:  0/5        EV: 11    Int: 11    God:
Gold:   121        SH:  0    Dex: 17    Spells: 3/3 levels left

rFire    . . .     SeeInvis .   a - +2 dagger
rCold    . . .     Gourm    .   (no shield)
rNeg     . . .     Faith    .   c - +0 robe
rPois    .         Spirit   +   (no helmet)
rElec    .         Reflect  .   d - +0 cloak
rCorr    .         Harm     .   (no gloves)
MR       +....     Rnd*Tele +   (no boots)
Stlth    +++.......             (no amulet)
Regen    0.5/turn               l - ring of teleportation (curse) {+/*tele, !d}
MPRegen  0.1/turn               r - ring of protection from magic {MR+, !d}

@: no status effects
A: fangs 2, regeneration 1, magic shield, antimagic bite, no potion heal 3, rot
immunity
a: no special abilities


You were on level 3 of the Dungeon.
You were not hungry.

You visited 1 branch of the dungeon, and saw 3 of its levels.

You collected 121 gold pieces.

Inventory:

Hand Weapons
 a - a +2 dagger (weapon)
 b - a +0 blowgun
Missiles
 e - 8 poisoned needles
 f - 2 curare-tipped needles
 q - 28 sling bullets
Armour
 c - a +0 robe (worn)
 d - a +0 cloak (worn)
Jewellery
 l - a cursed ring of teleportation (left hand) {+/*tele, !d}
   (You found it on level 1 of the Dungeon)
 r - a ring of protection from magic (right hand) {MR+, !d}
   (You found it on level 2 of the Dungeon)
 t - an uncursed ring of protection from magic {MR+, !d}
   (You found it on level 2 of the Dungeon)
Scrolls
 h - 2 scrolls of remove curse {unknown}
 k - a scroll of teleportation {unknown}
 n - a scroll of fear {unknown}
 o - 2 scrolls of recharging {unknown}
 p - a scroll of identify {unknown}
Potions
 s - a potion of curing {unknown}
Comestibles
 g - a bread ration {@e1@e1}
 i - 2 chunks of flesh {@w0@w0}
 j - a royal jelly
 m - a meat ration {@e2@e2}


   Skills:
 - Level 1.7 Fighting
 + Level 3.3 Short Blades
 - Level 1.7 Throwing
 - Level 0.7 Dodging
 + Level 5.8 Stealth


You had 3 spell levels left.
You didn't know any spells.

Dungeon Overview and Level Annotations

Branches:
Dungeon (3/15)

Altars:

Annotations:
D:3 ReniFell's ghost, weakling FoFi


Innate Abilities, Weirdness & Mutations

You have extremely sharp teeth.
Your natural rate of healing is unusually fast.
When hurt, damage is shared between your health and your magic reserves.
Your bite disrupts and absorbs the magic of your enemies.
Potions cannot restore your health.
You are immune to rotting.


Message History

You now have 4/5 mp.
You hit ReniFell's ghost. Your bite misses ReniFell's ghost.
ReniFell's ghost barely misses you.
You hit ReniFell's ghost but do no damage.
ReniFell's ghost barely misses you.
You hit ReniFell's ghost but do no damage.
You bite ReniFell's ghost. You drain its power.
You feel invigorated. ReniFell's ghost closely misses you.
MP restored: 5 You hit ReniFell's ghost but do no damage.
You bite ReniFell's ghost, but do no damage.
ReniFell's ghost closely misses you.
You completely miss ReniFell's ghost.
You hit ReniFell's ghost but do no damage.
You bite ReniFell's ghost, but do no damage.
ReniFell's ghost hits you!
You take 7 damage, and have 15/23 hp.
MASSIVE DAMAGE!!
You now have 3/5 mp.
You hit ReniFell's ghost but do no damage.
You bite ReniFell's ghost, but do no damage.
ReniFell's ghost barely misses you.
You hit ReniFell's ghost. ReniFell's ghost hits you!
You take 6 damage, and have 9/23 hp.
MASSIVE DAMAGE!!
You now have 2/5 mp.
ReniFell's ghost whispers, "There is no future for you."
ReniFell's ghost shrieks, "Very impressive.
But it won't help.
Nothing will."
You barely miss ReniFell's ghost.
You bite ReniFell's ghost, but do no damage.
ReniFell's ghost barely misses you.
You hit ReniFell's ghost. Your bite misses ReniFell's ghost.
ReniFell's ghost hits you!
You take 9 damage, and have 7/23 hp.
MASSIVE DAMAGE!!
You now have 2/5 mp.
ReniFell's ghost screams, "Zot is a myth, the ORB is a fable, you'll soon be a tale!"
The hobgoblin barely misses you. The hobgoblin closely misses you.
The hobgoblin hits you with a club.
You take 3 damage, and have 10/23 hp.
You now have 2/5 mp.
You hit the hobgoblin but do no damage.
You bite the hobgoblin, but do no damage.
The hobgoblin hits you but does no damage.
ReniFell's ghost says, "You can hit me, but you can't hurt me."
You hit the hobgoblin but do no damage.
The hobgoblin hits you but does no damage.
You barely miss the hobgoblin. Your bite misses the hobgoblin.
The hobgoblin hits you with a club.
You take 4 damage, and have 10/23 hp.
You now have 2/5 mp.
You barely miss the hobgoblin. You hit the hobgoblin.
The hobgoblin barely misses you.
You hit the hobgoblin but do no damage. Your bite misses the hobgoblin.
The hobgoblin hits you with a club.
You take 2 damage, and have 9/23 hp.
You now have 1/5 mp.
You closely miss the hobgoblin. Your bite misses the hobgoblin.
The hobgoblin hits you with a club.
You take 2 damage, and have 7/23 hp.
You now have 0/5 mp.
You hit the hobgoblin but do no damage. You bite the hobgoblin.
You drain its power.
You feel invigorated.
You kill the hobgoblin!
You regained 2 mp, and now have 2/5 mp.
You are feeling hungry.
Things that are here:
a club; a hobgoblin corpse You butcher the hobgoblin corpse.
ReniFell's ghost hits you!
* * * LOW HITPOINT WARNING * * *
Things that are here:
a club; a chunk of flesh {@w0@w0}; a hobgoblin skeleton You take 6 damage, and have 4/23 hp.
MASSIVE DAMAGE!!
You now have 1/5 mp.
Things that are here:
a club; a chunk of flesh {@w0@w0}; a hobgoblin skeleton Eat one of 9 chunks of flesh {@w0@w0}? (ye/n/q)
You eat one of the 9 chunks of flesh {@w0@w0}.
Things that are here:
a club; a chunk of flesh {@w0@w0}; a hobgoblin skeleton
Things that are here:
a club; a chunk of flesh {@w0@w0}; a hobgoblin skeleton You hit ReniFell's ghost but do no damage.
ReniFell's ghost hits you!
* * * LOW HITPOINT WARNING * * *
You take 10 damage, and have 6/23 hp.
MASSIVE DAMAGE!!
You now have 1/5 mp.
ReniFell's ghost completely misses you.
Some of the chunks of flesh in your inventory have rotted away.
Things that are here:
a club; a chunk of flesh {@w0@w0}; a hobgoblin skeleton
Here: ReniFell's ghost (moderately damaged)
The floor.
ReniFell's ghost hits you!
* * * LOW HITPOINT WARNING * * *
You take 9 damage, and have 2/23 hp.
MASSIVE DAMAGE!!
You now have 1/5 mp.
ReniFell's ghost hits you!
Ouch! That really hurt!
You die...

..# #.#
#.#
######.##
#.......#
#.....# #
#..#.##.#
#..#.<#.##
##@#.....#
#.W..#..#
#...##..#
+...+ .#
#...# ..
#...# ##
#...#
#####


You could see ReniFell's ghost.

Vanquished Creatures
  2 adders (D:2)
  A worm (D:2)
  3 dart slugs
  A ball python (D:2)
  2 bats (D:2)
  14 goblins
  8 hobgoblins
  2 frilled lizards
  7 kobolds
  6 rats
46 creatures vanquished.

Notes
Turn   | Place    | Note
-------+----------+-------------------------------------------
     0 | D:1      | Gorglomux the Vine Stalker Assassin began the quest for the Orb.
     0 | D:1      | Reached XP level 1. HP: 11/11 MP: 2/2
    69 | D:1      | Reached skill level 2 in Short Blades
   192 | D:1      | Reached skill level 5 in Stealth
   233 | D:1      | Reached XP level 2. HP: 15/15 MP: 3/3
   621 | D:2      | Reached XP level 3. HP: 13/18 MP: 2/4
   775 | D:2      | Reached skill level 3 in Short Blades
   983 | D:2      | Gained mutation: Your natural rate of healing is unusually fast. [Vine Stalker growth]
   983 | D:2      | Reached XP level 4. HP: 23/23 MP: 3/5
  1287 | D:3      | Noticed ReniFell's ghost (weakling FoFi)
  1362 | D:3      | HP: 4/23 [ReniFell's ghost (7)]
  1400 | D:3      | HP: 2/23 [ReniFell's ghost (10)]
  1402 | D:3      | Mangled by ReniFell's ghost

Vault maps used:
D:1:      scummos_arrival_simple_crosswalls, st_stairs_6
D:2:      cheibrodos_greedy_goblins
D:3:      zin_academy

Skill      XL: |  1  2  3 |
---------------+----------+-----
Short Blades   | 2 3 |  3.3
Stealth        | 5 |  5.8
Fighting       | |  1.7
Throwing       | |  1.7
Dodging        | |  0.7

Action                   |  1- 3 |  4- 6 || total
-------------------------+-------+-------++-------
Melee: Dagger            |    73 |    54 ||   127
       Bite              |    19 |    13 ||    32
 Fire: Blowgun           |     4 |       ||     4
 Stab: Sleeping          |     4 |     3 ||     7
  Eat: Chunk             |       |     2 ||     2
Armor: Robe              |    10 |     5 ||    15
Dodge: Dodged            |    29 |    21 ||    50

Vault maps used:
D:1:      scummos_arrival_simple_crosswalls, st_stairs_6
D:2:      cheibrodos_greedy_goblins
D:3:      zin_academy

Table legend:
 A = Turns spent in this place as a percentage of turns spent in the entire game.
 B = Non-inter-level travel turns spent in this place as a percentage of non-inter-level travel turns spent in the entire game.
 C = Inter-level travel turns spent in this place as a percentage of turns spent in this place.
 D = Turns resting spent in this place as a percentage of non-inter-level travel turns spent in this place.
 E = Turns spent auto-exploring this place as a percentage of non-inter-level travel turns spent in this place.
 F = Non-inter-level travel turns spent in this place divided by the number of levels of this place that you've seen.
                   A       B       C       D       E      F
               +-------+-------+-------+-------+-------+----------------------
         Total | 100.0 | 100.0 |   0.3 |   1.6 |   6.3 | 206.7
       Dungeon | 100.0 | 100.0 |   0.3 |   1.6 |   6.3 | 206.7
               +-------+-------+-------+-------+-------+----------------------

Table legend:
 A = Kills in this place as a percentage of kills in entire the game.
 B = Kills by you in this place as a percentage of kills by you in the entire game.
 C = Kills by friends in this place as a percentage of kills by friends in the entire game.
 D = Other kills in this place as a percentage of other kills in the entire game.
 E = Experience gained in this place as a percentage of experience gained in the entire game.
 F = Experience gained in this place divided by the number of levels of this place that you have seen.
                   A       B       C       D       E      F
               +-------+-------+-------+-------+-------+----------------------
         Total | 100.0 | 100.0 |  -nan |  -nan | 100.0 |  36.0
       Dungeon | 100.0 | 100.0 |  -nan |  -nan | 100.0 |  36.0
               +-------+-------+-------+-------+-------+----------------------
